[Event "FIDE WTC Prel-B 2022"]
[Site "Jerusalem"]
[Date "2022.11.21"]
[Round "3.18"]
[White "Nihal Sarin"]
[Black "Radjabov, Teimour"]
[Result "1/2-1/2"]
[ECO "E06"]
[WhiteElo "2670"]
[BlackElo "2747"]
[Annotator "TA"]
[PlyCount "66"]
[EventDate "2022.11.20"]
[EventType "team-tourn"]
[EventCountry "ISR"]
[SourceTitle "playchess.com"]
[Source "ChessBase"]
[SourceQuality "1"]
[WhiteTeam "India"]
[BlackTeam "Azerbaijan"]
[WhiteTeamCountry "IND"]
[BlackTeamCountry "AZE"]
[TimeControl "2700+10"]

1. d4 Nf6 2. Nf3 d5 3. c4 e6 4. g3 Be7 5. Bg2 O-O 6. Qd3 {[%emt 0:00:03] E06: Closed Catalan: Early deviations.} c5 7. O-O Nc6 {[%emt 0:00:37] Threatens to win with ...dxc4.} 8. cxd5 {[%emt 0:00:39] [#]} exd5 $146 ({Predecessor:} 8... Nxd5 9. dxc5 Bxc5 10. a3 Be7 11. Rd1 Qc7 12. e4 Nb6 13. Qc2 Rd8 14. Rxd8+ Qxd8 {½-½ (64) Lysyj,I (2605)-Shuvalova,P (2476) Cheliabinsk 2021}) 9. dxc5 Bxc5 10. a3 Ne4 11. Nc3 Nxc3 12. Qxc3 Be7 13. Be3 Bf6 {[%emt 0:04:27] The position is equal.} 14. Bd4 Nxd4 15. Nxd4 Qb6 16. Rfd1 Be6 17. e3 Rac8 18. Qb4 Qxb4 19. axb4 a6 20. b5 axb5 21. Nxb5 Rc5 22. Nd4 Rfc8 23. Bf3 Kf8 24. Kg2 Rc4 25. Ra5 (25. b3 {is more complex.} Rb4 26. Ra4 Rxa4 27. bxa4 Ra8 28. Nxe6+ fxe6 29. Rb1) 25... Bxd4 26. Rxd4 Rxd4 27. exd4 Rc4 28. Bxd5 Bxd5+ 29. Rxd5 $11 {[%emt 0:00:02] KR-KR} Rb4 {[%emt 0:00:01] Inhibits Rb5.} 30. Rd7 Rxb2 31. d5 g5 (31... Ke8 $5 32. Rc7 $8 b6 $11) 32. d6 Kg7 33. Re7 Rd2 {[%emt 0:00:08] A balanced but interesting game.  Weighted Error Value: White=0.03 (flawless) /Black=0.02 (flawless)} 1/2-1/2

[Event "FIDE WTC Prel-B 2022"]
[Site "Jerusalem"]
[Date "2022.11.21"]
[Round "3.19"]
[White "Guseinov, Gadir"]
[Black "Narayanan.S.L"]
[Result "1/2-1/2"]
[ECO "C47"]
[WhiteElo "2661"]
[BlackElo "2673"]
[Annotator "TA"]
[PlyCount "102"]
[EventDate "2022.11.20"]
[EventType "team-tourn"]
[EventCountry "ISR"]
[SourceTitle "playchess.com"]
[Source "ChessBase"]
[SourceQuality "1"]
[WhiteTeam "Azerbaijan"]
[BlackTeam "India"]
[WhiteTeamCountry "AZE"]
[BlackTeamCountry "IND"]
[TimeControl "2700+10"]

1. e4 e5 2. Nf3 Nc6 3. Nc3 Nf6 4. d4 exd4 5. Nxd4 Bb4 6. Nxc6 bxc6 7. Bd3 O-O 8. O-O d5 9. Bd2 a5 {[%emt 0:01:26] C47: Scotch Four Knights and Four Knights with 4 g3.} 10. Re1 Re8 {[%emt 0:02:06] [#]} 11. exd5 $146 ({Predecessor:} 11. a3 Bg4 12. Qc1 Bxc3 13. Bxc3 dxe4 14. Bxf6 Qxf6 15. Bxe4 Re6 16. Bd3 Rxe1+ 17. Qxe1 Qxb2 {0-1 (64) Karjakin,S (2743)-Mamedyarov,S (2767) Warsaw 2021}) 11... Rxe1+ 12. Qxe1 cxd5 13. Ne2 Bc5 {[%emt 0:02:18] White must now prevent ...Ng4.} 14. h3 {[%emt 0:01:39] Inhibits Ng4.} Ne4 15. Bxe4 dxe4 16. Be3 Bb4 {[%emt 0:07:34] This bishop pair is nice.} 17. Qd1 Qe8 18. a3 Bf8 19. Qd5 c6 20. Qd2 a4 21. Rd1 Be6 22. Qc3 f6 (22... c5 $11) 23. Bc5 (23. Ng3 $14) 23... Qh5 $11 24. Bxf8 Qxe2 25. Re1 Qc4 $132 {[%emt 0:00:00][%mdl 2048] Black puts up resistance} 26. Qxc4 Bxc4 {[%emt 0:00:00][%mdl 4096] Endgame KRB-KRB} 27. Bb4 ({Wrong is} 27. Rxe4 $2 Bd5 28. Rh4 Kxf8 $19) 27... f5 28. Rd1 Bd5 29. Rd4 Kf7 30. c4 Be6 31. Bd6 g5 32. c5 Bd5 33. Kf1 f4 34. g3 f3 35. Ke1 ({White should play} 35. Rb4 $11) 35... Re8 $1 $15 36. Rxa4 {[%emt 0:01:01] [#]} (36. Kf1 $15) 36... e3 $1 $17 37. Rb4 exf2+ 38. Kxf2 Re2+ 39. Kf1 {[%emt 0:00:00] [#]} Rc2 ({Black should try} 39... h5 $1 $17 40. g4 Rc2) 40. b3 $1 $15 Rc1+ {[%emt 0:00:01][%mdl 1024] Black has strong compensation.} 41. Kf2 Rc2+ 42. Kf1 $1 Ke6 (42... Be6 $17 43. g4 h5) 43. a4 $11 {[%emt 0:00:01] The position is equal.} Rc1+ 44. Kf2 Rc2+ 45. Kf1 Ra2 46. g4 Ra1+ 47. Kf2 Ra2+ 48. Kf1 Ra1+ 49. Kf2 Ra2+ 50. Kf1 Ra3 51. Kf2 Ra2+ {[%emt 0:00:21] Weighted Error Value: White=0.10 (very precise) /Black=0.14 (very precise)} 1/2-1/2

[Event "FIDE WTC Prel-B 2022"]
[Site "Jerusalem"]
[Date "2022.11.21"]
[Round "3.20"]
[White "Sasikiran, Krishnan"]
[Black "Mamedov, Rauf"]
[Result "1/2-1/2"]
[ECO "D78"]
[WhiteElo "2636"]
[BlackElo "2646"]
[Annotator "TA"]
[PlyCount "56"]
[EventDate "2022.11.20"]
[EventType "team-tourn"]
[EventCountry "ISR"]
[SourceTitle "playchess.com"]
[Source "ChessBase"]
[SourceQuality "1"]
[WhiteTeam "India"]
[BlackTeam "Azerbaijan"]
[WhiteTeamCountry "IND"]
[BlackTeamCountry "AZE"]
[TimeControl "2700+10"]

1. d4 Nf6 2. c4 g6 3. g3 c6 4. Nf3 Bg7 5. Bg2 d5 6. O-O O-O 7. b3 a5 8. Nc3 Ne4 9. Bb2 Bf5 10. Rc1 Nxc3 {[%emt 0:01:07] D78: Fianchetto Grünfeld: 6 0-0 c6.} 11. Bxc3 Be4 12. Bh3 Bxf3 13. exf3 e6 14. f4 Nd7 {[%emt 0:03:05][%cal Bb8d7,Bd7f6,Bf6e8,Be8d6,Bd6f5][%mdl 32] [#]} 15. Qe2 $146 ({Predecessor:} 15. Bg2 a4 16. Qc2 axb3 17. axb3 Qb6 18. c5 Qc7 19. Ra1 b6 20. b4 Qb7 21. Rfb1 {½-½ (51) Garcia Martinez,S-Osterman,R Portoroz/Ljubljana 1975}) 15... Nf6 16. Bg2 Ne8 17. h4 Nd6 18. Rfd1 Re8 19. a4 h5 20. Qd3 Nf5 21. Bh3 Nd6 22. Bg2 Nf5 23. Bh3 Nd6 24. Rb1 Ne4 25. Be1 Nd6 26. Bd2 Ne4 27. Be1 Nd6 28. Bd2 Ne4 {[%emt 0:00:01] A rather calm draw.  Weighted Error Value: White=0.10 (very precise) /Black=0.10 (very precise)} 1/2-1/2

[Event "FIDE WTC Prel-B 2022"]
[Site "Jerusalem"]
[Date "2022.11.21"]
[Round "3.21"]
[White "Yakubboev, Nodirbek"]
[Black "Niemann, Hans Moke"]
[Result "1/2-1/2"]
[ECO "C54"]
[WhiteElo "2667"]
[BlackElo "2699"]
[Annotator "TA"]
[PlyCount "88"]
[EventDate "2022.11.20"]
[EventType "team-tourn"]
[EventCountry "ISR"]
[SourceTitle "playchess.com"]
[Source "ChessBase"]
[SourceQuality "1"]
[WhiteTeam "Uzbekistan"]
[BlackTeam "United States"]
[WhiteTeamCountry "UZB"]
[BlackTeamCountry "USA"]
[TimeControl "2700+10"]

1. e4 e5 2. Nf3 Nc6 3. Bc4 Nf6 4. d3 Bc5 5. O-O d6 6. c3 a6 7. Bb3 {[%emt 0:01:26] 7.Bb3 has lost popularity.} O-O 8. h3 {[%emt 0:02:43] C54: Giuoco Piano: 4 c3 Nf6, main lines with 5 d4 and 5 d3.} h6 9. Re1 Re8 10. Nbd2 Be6 11. Bxe6 Rxe6 12. b4 Ba7 13. a4 Qd7 14. Nf1 {[%emt 0:02:18] [#]} Ne7 $146 ({Predecessor:} 14... d5 15. Qc2 Rd8 16. b5 Na5 17. exd5 Qxd5 18. Be3 c5 19. Red1 Qb3 20. Qxb3 Nxb3 {½-½ (48) Achilles,E (2429)-Van Damme,L (2218) ICCF email 2012}) 15. Be3 Bxe3 16. Nxe3 Ng6 17. Ra2 d5 18. Rd2 dxe4 19. dxe4 Rd6 20. Nd5 Nxd5 21. exd5 f6 22. c4 {[%emt 0:00:12][%cal Bc3c4,Bc4c5][%mdl 32] [#] Strongly threatening c5.} Nf4 23. g3 Nxh3+ 24. Kh2 Rd8 25. c5 Nxf2 $1 26. Rxf2 Rxd5 27. Qb3 Kh8 28. Re3 Qg4 29. Kg2 e4 30. Nh2 Qg6 {[%emt 0:00:04] [#] Threatens to win with ...Rd3.} 31. Nf1 f5 32. Ree2 Rd3 33. Qb2 {[%emt 0:00:21] Threatening Qe5.} Qe6 {[%emt 0:05:55] Prevents Qe5.} 34. Ne3 Rf8 35. Rf4 Rf7 {[%emt 0:00:44] next ...Kh7 is good for Black.} (35... Qg6 $2 36. Qe5 $18 (36. g4 Rf6 $16)) 36. Qa1 h5 (36... Qg6 $2 37. Qe5 $18 (37. Qf1 Rb3 $11)) 37. Rh4 ({Better is} 37. Qh1 $11 g6 38. Qh4) 37... Qh6 (37... Qg6 $2 38. Qh1 Kg8 39. Rxh5 $18 (39. Qh3 Qf6 $11)) (37... f4 $2 38. gxf4 Kg8 39. Qe5 Qxe5 40. fxe5 $18) ({Black should play} 37... Kg8 $1 $15) 38. Qe5 $11 {[%emt 0:01:43] Hoping for Qe8+. Dancing on a razor blade. Active counter play! The position is equal.} Rxe3 39. Rxe3 Qxe3 40. Rxh5+ {[%emt 0:00:15] KQR-KQR} Kg8 41. Qe8+ Rf8 42. Qe6+ Rf7 43. Qe8+ Rf8 44. Qe6+ Rf7 {[%emt 0:00:01] An interesting draw.  Weighted Error Value: White=0.06 (flawless) /Black=0.05 (flawless)} 1/2-1/2

[Event "FIDE WTC Prel-B 2022"]
[Site "Jerusalem"]
[Date "2022.11.21"]
[Round "3.22"]
[White "Bruzon Batista, Lazaro"]
[Black "Sindarov, Javokhir"]
[Result "0-1"]
[ECO "E62"]
[WhiteElo "2615"]
[BlackElo "2654"]
[Annotator "TA"]
[PlyCount "102"]
[EventDate "2022.11.20"]
[EventType "team-tourn"]
[EventCountry "ISR"]
[SourceTitle "playchess.com"]
[Source "ChessBase"]
[SourceQuality "1"]
[WhiteTeam "United States"]
[BlackTeam "Uzbekistan"]
[WhiteTeamCountry "USA"]
[BlackTeamCountry "UZB"]
[TimeControl "2700+10"]

1. d4 Nf6 2. Nf3 g6 3. g3 Bg7 4. Bg2 O-O 5. c4 d6 6. O-O Nc6 7. Nc3 Bg4 {[%emt 0:00:02] 7...e5 is a critical line.} 8. Be3 Qd7 {[%emt 0:03:02] was the old line (8...Nd7).} 9. Rc1 {[%emt 0:00:04] E62: King's Indian: Fianchetto: 6...c6 and Panno Variation (6...Nc6) without ...a6.} Bh3 10. d5 Na5 11. b3 {[%emt 0:00:12] [#] White is slightly better.} Bxg2 $146 ({Predecessor:} 11... c5 12. Bd2 b6 13. e4 Bxg2 14. Kxg2 e6 15. Re1 exd5 16. cxd5 Rfe8 17. h3 Rad8 {1-0 (30) Lemos,D (2516)-Paehtz,T (2365) Caleta 2017}) 12. Kxg2 c5 13. Qd3 a6 14. Bd2 b5 15. Nd1 Nb7 16. e4 e6 17. Nc3 b4 18. Na4 {[%emt 0:02:20] aiming for Nb6.} Rae8 19. Rce1 Qc7 20. Bc1 Re7 21. dxe6 Rxe6 22. Ng5 Re7 23. f3 Na5 24. Rd1 Rd8 25. Nh3 Nc6 26. Bg5 Re5 (26... Qb7 $11) 27. Qd2 ({White should try} 27. Bf4 $16) 27... Nd4 {[%emt 0:01:05] [#]} (27... Qb7 $14 {might be stronger.}) 28. Nb2 (28. Be3 $1 $16) 28... Qb7 $11 {[%emt 0:01:25][%cal Of6e4] Hoping for ...Nxe4!} 29. Bxf6 Bxf6 30. Kh1 Bg7 31. Nd3 Ree8 32. Ndf4 a5 33. Nd5 a4 34. Qd3 Ra8 35. Rf2 {[%emt 0:00:07] This move loses the game for White.} (35. f4 $15) 35... axb3 $19 36. axb3 Ra3 37. Rb1 {[%emt 0:00:01] [#]} Rea8 $1 38. Nhf4 $2 (38. Ng1 {keeps fighting.}) 38... Ra1 39. Rff1 Rxb1 40. Rxb1 Ra2 {[%emt 0:00:00] Against Ne2} 41. Nh3 Qa7 42. f4 $2 (42. Qd1) 42... Ra1 $2 (42... Rc2 {Threatens to win with ...Qa2.} 43. Ne3 Qa2 44. Nxc2 Qxb1+ 45. Ne1 Qxe1+ 46. Kg2 Qc3) 43. Rxa1 Qxa1+ 44. Kg2 Qa2+ 45. Nf2 Qxb3 {[%emt 0:00:00] ...Qa2 is the strong threat.} 46. Qxb3 (46. Ne7+ $142 Kf8 47. Nc8) 46... Nxb3 {[%emt 0:00:00] KBN-KNN. Black is clearly winning.} 47. Nd3 Nd2 48. e5 dxe5 49. Nxc5 b3 50. Na4 Nxc4 51. f5 gxf5 {[%emt 0:00:32] Weighted Error Value: White=0.46/Black=0.25 (precise)} 0-1

[Event "FIDE WTC Prel-B 2022"]
[Site "Jerusalem"]
[Date "2022.11.21"]
[Round "3.23"]
[White "Vokhidov, Shamsiddin"]
[Black "Akobian, Varuzhan"]
[Result "1/2-1/2"]
[ECO "C01"]
[WhiteElo "2568"]
[BlackElo "2591"]
[Annotator "TA"]
[PlyCount "154"]
[EventDate "2022.11.20"]
[EventType "team-tourn"]
[EventCountry "ISR"]
[SourceTitle "playchess.com"]
[Source "ChessBase"]
[SourceQuality "1"]
[WhiteTeam "Uzbekistan"]
[BlackTeam "United States"]
[WhiteTeamCountry "UZB"]
[BlackTeamCountry "USA"]
[TimeControl "2700+10"]

1. e4 e6 2. d4 d5 3. Nc3 Bb4 4. exd5 exd5 5. Bd3 Nc6 6. a3 Ba5 7. Nge2 Nge7 8. O-O O-O 9. Na4 {[%emt 0:02:11] C01: French: Exchange Variation.} Bf5 10. Bf4 {[%emt 0:03:00] [#]} (10. Nc5 $5 ) 10... Re8 $146 ({Predecessor:} 10... Qc8 11. b4 Bb6 12. Nxb6 axb6 13. Re1 Qd7 14. Qd2 Rfe8 15. Bb5 Ng6 16. Bg3 Re7 {½-½ (40) Abrahamyan,T (2366)-Matsenko,S (2563) Saint Louis 2018}) 11. c3 Bxd3 12. Qxd3 Ng6 13. Bg3 Nce7 14. Rae1 c6 {[%emt 0:00:43] [#]} (14... h5 $14) 15. f4 $1 $16 f5 16. Nc5 Qc8 17. Qc2 {[%emt 0:00:28] White is more active.} ({Better is} 17. h4 $16) 17... Bc7 18. Nc1 Nf8 19. Re3 b6 20. N5d3 Qd7 21. Ne5 Bxe5 22. fxe5 Ne6 23. Ne2 g5 24. Be1 Rf8 (24... f4 $5 25. Rh3 Ng6 $11) 25. Rh3 Rf7 26. Ng3 Raf8 27. Bd2 f4 28. Nh5 {[%emt 0:00:31] Threatening mate with Nf6+.} Ng6 29. Nf6+ Rxf6 30. exf6 Rxf6 31. Rh5 Kg7 32. Qd1 h6 33. Qg4 Nc5 34. Qxd7+ Nxd7 35. g3 fxg3 36. hxg3 Rxf1+ 37. Kxf1 $11 {[%emt 0:00:01][%mdl 4096] Endgame KRB-KNN} Nf6 38. Rh2 Ne4 {[%emt 0:00:05] [#]} (38... Ne7 $14) 39. Be1 $1 $16 Ne7 40. Re2 (40. g4 $16) 40... Nf5 $11 41. Kg2 h5 42. a4 a6 43. Bf2 Kf6 44. Re1 g4 45. b3 Ke6 (45... b5 $11 {is superior.}) 46. Rh1 $14 Nf6 47. c4 Nd6 48. c5 (48. cxd5+ $16 cxd5 49. Be3) 48... bxc5 $11 49. dxc5 Nf5 50. b4 d4 51. b5 cxb5 52. axb5 axb5 53. Rb1 Ne4 54. c6 Nc3 {[%emt 0:00:07] Pair of Knights!} 55. Re1+ Kd6 56. c7 $1 Kxc7 57. Re5 {[%emt 0:00:01][%mdl 64] Deflection} Nd6 58. Bxd4 b4 59. Rc5+ Kd7 $1 60. Rxh5 {[%emt 0:00:26] Black must now prevent Bxc3.} Nce4 61. Rh4 Kc6 (61... Nf5 $11 62. Rxg4 Nxd4) 62. Rxg4 $14 {[%emt 0:00:03] aiming for Be5.} Kd5 {[%emt 0:00:01] Against Be5} 63. Bh8 {[%emt 0:00:07] Hoping for Kf3.} Nf5 $1 64. Rg8 {[%emt 0:00:05] Strongly threatening g4.} Nexg3 65. Rd8+ Kc4 66. Rf8 Kd3 67. Kf3 b3 68. Rb8 Kc2 69. Kf4 ({White should try} 69. Rc8+ $14 Kd1 70. Rd8+ Kc2 71. Rd5) 69... Nd6 {[%emt 0:00:18] The position is equal.} 70. Kxg3 Nc4 71. Rc8 Kd3 72. Rd8+ Kc2 73. Rd4 b2 74. Rxc4+ Kb3 75. Rc3+ Ka4 $1 (75... Kb4 {is a self mate.} 76. Rc7 Kb3 77. Rb7+ Kc2 78. Bxb2 Kd3 79. Rb4 Kd2 80. Kf3) 76. Rc4+ Kb3 $1 {[%emt 0:00:04] [#]} (76... Kb5 {leads to mate.} 77. Rc8 Kb6 78. Bxb2 Kb7 79. Rc1 Kb8 80. Kf3 Ka8 81. Ke4) 77. Bxb2 $1 {[%emt 0:00:11] Intending Rd4 and mate.} Kxc4 {[%emt 0:00:13] Weighted Error Value: White=0.12 (very precise) /Black=0.10 (very precise)} 1/2-1/2

[Event "FIDE WTC Prel-B 2022"]
[Site "Jerusalem"]
[Date "2022.11.21"]
[Round "3.24"]
[White "Quesada Perez, Yuniesky"]
[Black "Vakhidov, Jakhongir"]
[Result "1/2-1/2"]
[ECO "B27"]
[WhiteElo "2583"]
[BlackElo "2607"]
[Annotator "TA"]
[PlyCount "84"]
[EventDate "2022.11.20"]
[EventType "team-tourn"]
[EventCountry "ISR"]
[SourceTitle "playchess.com"]
[Source "ChessBase"]
[SourceQuality "1"]
[WhiteTeam "United States"]
[BlackTeam "Uzbekistan"]
[WhiteTeamCountry "USA"]
[BlackTeamCountry "UZB"]
[TimeControl "2700+10"]

1. e4 c5 2. Nf3 g6 3. c3 d5 4. e5 a6 5. d4 Nc6 6. Be2 {[%emt 0:00:36] B27: Sicilian: 2 Nf3, unusual Black 2nd moves.} Bg7 7. O-O f6 8. Re1 {[%emt 0:00:47] White has an edge.} ({Reject} 8. dxc5 fxe5 9. Na3 Nf6 $15) 8... fxe5 {[%emt 0:00:22] [#]} 9. Nxe5 $146 ({Predecessor:} 9. Bf1) 9... cxd4 10. cxd4 Nh6 11. Nd2 Nf5 (11... O-O {is interesting.} 12. Nb3 Qd6 13. Bd3 a5) 12. Nxc6 bxc6 13. Nb3 O-O 14. Bg4 Qd6 15. h3 a5 16. Bxf5 Bxf5 17. Be3 Rfb8 18. Re2 Re8 19. f4 g5 20. Rf2 gxf4 (20... Rf8 $11) 21. Bxf4 $16 Qg6 22. Rf3 Kh8 (22... e5 $14 23. Rg3 Qf6 24. Bxe5 Rxe5 25. dxe5 Qxe5) 23. Rg3 Qf7 24. Qd2 $1 Bf6 25. Re1 Rg8 26. Ree3 Be4 27. Nc5 ({Don't play} 27. Nxa5 c5 $11) 27... Bf5 28. a4 Rg7 29. Kh2 Rag8 (29... Rg6 $16 {was worth a try.}) 30. Rxg7 (30. b4 $18) 30... Rxg7 (30... Bxg7 $16 {was called for.} 31. Rg3 Qf8) 31. Rg3 h5 (31... Kg8 $16 32. Rxg7+ Qxg7) 32. b4 $1 $18 axb4 (32... h4 {was necessary.} 33. Rf3 Qg6) 33. Qxb4 (33. a5 $1 $18 {[%cal Ra5a6] is the precise move to win.}) 33... h4 $16 34. Rxg7 Qxg7 35. Qb8+ $1 Kh7 {[%emt 0:00:01] [#]} 36. Be5 {[%emt 0:00:08] Threatens to win with a5.} Be4 37. Nxe4 {[%emt 0:00:03] Active counter play!} dxe4 {[%emt 0:00:01][%cal Bd5e4,Be4e3][%mdl 32] [#] KQB-KQB} 38. a5 ({White has to play} 38. Bxf6 $1 $16 exf6 39. Qf4) 38... e3 $1 $11 {[%emt 0:00:11] The position is equal.} 39. Qb1+ Kh8 $1 40. Qb8+ Kh7 {[%emt 0:00:01] ( -> ...Bxe5+)} 41. Qb1+ Kh8 $1 42. Qb8+ ({Better is} 42. Bf4 $11 Bxd4 43. Qf5) 42... Kh7 {[%emt 0:01:05] Weighted Error Value: White=0.15 (very precise) /Black=0.17 (very precise)} 1/2-1/2

[Event "FIDE WTC Prel-B 2022"]
[Site "Jerusalem"]
[Date "2022.11.21"]
[Round "4.13"]
[White "Rodshtein, Maxim"]
[Black "Niemann, Hans Moke"]
[Result "1/2-1/2"]
[ECO "E11"]
[WhiteElo "2618"]
[BlackElo "2699"]
[Annotator "TA"]
[PlyCount "148"]
[EventDate "2022.11.20"]
[EventType "team-tourn"]
[EventCountry "ISR"]
[SourceTitle "playchess.com"]
[Source "ChessBase"]
[SourceQuality "1"]
[WhiteTeam "Israel"]
[BlackTeam "United States"]
[WhiteTeamCountry "ISR"]
[BlackTeamCountry "USA"]
[TimeControl "2700+10"]

1. d4 Nf6 2. c4 e6 3. Nf3 d5 4. g3 Bb4+ 5. Bd2 Be7 6. Bg2 O-O 7. O-O Nbd7 8. Qc2 c6 9. Bf4 a5 10. Rd1 Ne4 11. h4 {[%emt 0:07:12] E11: Bogo-Indian.} h6 {[%emt 0:00:14] [#]} 12. Nc3 $146 ({Predecessor:} 12. Ne5 Nd6 13. Nd2 g5 14. hxg5 hxg5 15. Nxd7 Bxd7 16. Bxd6 Bxd6 17. e4 Rc8 18. Bf3 Kg7 {1-0 (57) Schitco,I (2467)-Svetushkin,D (2515) Chess.com INT 2020}) 12... g5 {[%emt 0:01:00] And now ...Nxc3 would win.} 13. Be3 {[%emt 0:00:53] White is slightly better.} (13. Nxe4 dxe4 14. Nxg5 hxg5 $17) 13... f5 14. hxg5 hxg5 15. Qc1 g4 16. Ne1 Nd6 17. b3 Rf7 18. Nd3 Rh7 19. Nf4 Nf6 20. Ng6 (20. c5 $5 Nde4 21. Ng6 $14) 20... Nde4 (20... Bd7 $14) 21. Bxe4 $16 Nxe4 22. Nxe4 fxe4 23. Kg2 {[%emt 0:01:23] Threatens to win with Rh1. White is more active.} Bf6 24. Rh1 {[%emt 0:00:28] aiming for Rxh7. Chess con chili.} Rh3 25. Ne5 (25. Rxh3 $6 gxh3+ 26. Kh2 Qe8 $14) 25... Bxe5 26. dxe5 {[%emt 0:00:03] Bh6 is the strong threat.} Qe8 (26... Qc7 $16) 27. Rxh3 $18 gxh3+ 28. Kh2 Qh5 29. Qb2 Qg4 30. Rf1 Bd7 31. f3 exf3 32. exf3 Qf5 33. Qd4 {[%emt 0:00:45] Inhibits Qd3.} (33. Rf2 $18) 33... c5 $16 34. Qxc5 Bc6 35. Qd4 {[%emt 0:05:12] Against Qd3} (35. cxd5 $16 Bxd5 36. Rf2) 35... dxc4 $14 36. g4 ({Don't do} 36. bxc4 Bxf3 37. Rf2 Rf8 $16) (36. Qxc4 a4 $16) 36... Qd3 ({Not} 36... Qc2+ 37. Rf2 Qd3 38. Qf4 $16 (38. bxc4 Qxd4 39. Bxd4 Rd8 $16)) 37. Qxd3 cxd3 38. Kxh3 {[%emt 0:00:05][%mdl 4096] Endgame KRB-KRB} a4 39. Kg3 axb3 40. axb3 Ra3 41. b4 Rb3 42. Bd2 Rb2 {[%emt 0:00:13] [#]} 43. Rf2 Rb1 {[%emt 0:00:32] [#]} 44. Kf4 (44. f4 $1 $16) 44... Rh1 45. Kg5 Kf7 46. f4 Rg1 47. Kh4 (47. f5 $1 $14) 47... Rh1+ $11 48. Kg5 ({Better is} 48. Kg3 $11) 48... Rg1 $1 $14 49. f5 $1 Rg2 50. Rxg2 Bxg2 $16 {[%emt 0:00:02] KB-KB} 51. Kf4 Bf1 52. Bc3 Bg2 53. Ke3 Bh3 54. Kf4 Bg2 55. Bd2 (55. f6 $16) 55... Bh3 (55... Bf1 $1 $11) 56. Kg3 Bf1 57. Kf3 (57. Bc3 $16) 57... Bh3 (57... Be2+ $11 58. Kf4 Bf1) 58. Kg3 Bf1 59. Bc3 Be2 60. Kf4 Bf1 61. fxe6+ (61. Kg5 $16) 61... Kxe6 $14 62. g5 Bh3 63. g6 Bf5 (63... Ke7 $14) 64. g7 (64. Kg5 $16) 64... Bh7 $11 65. Kg5 d2 (65... Kf7 $11 {remains equal.}) 66. Bxd2 $16 {[%emt 0:00:06] White is clearly better.} Kxe5 67. Kh6 Bg8 68. Kg6 b5 69. Bc3+ Ke6 70. Bb2 Ke7 71. Bd4 Ke6 72. Bc5 Ke5 73. Bf2 Ke6 74. Bh4 Ke5 {[%emt 0:00:00] White really could win this.  Weighted Error Value: White=0.16 (very precise) /Black=0.15 (very precise)} 1/2-1/2

[Event "FIDE WTC Prel-B 2022"]
[Site "Jerusalem"]
[Date "2022.11.21"]
[Round "4.14"]
[White "Onischuk, Alexander"]
[Black "Nabaty, Tamir"]
[Result "0-1"]
[ECO "D27"]
[WhiteElo "2640"]
[BlackElo "2629"]
[Annotator "TA"]
[PlyCount "115"]
[EventDate "2022.11.20"]
[EventType "team-tourn"]
[EventCountry "ISR"]
[SourceTitle "playchess.com"]
[Source "ChessBase"]
[SourceQuality "1"]
[WhiteTeam "United States"]
[BlackTeam "Israel"]
[WhiteTeamCountry "USA"]
[BlackTeamCountry "ISR"]
[TimeControl "2700+10"]

1. d4 d5 2. c4 e6 3. Nc3 c5 4. e3 dxc4 5. Bxc4 Nf6 6. Nf3 a6 7. a4 Nc6 8. O-O Bd6 9. dxc5 Bxc5 10. Qxd8+ {[%emt 0:00:14] D27: Queen's Gambit Accepted: Classical main line: 7 e4!? and 7 a4.} Kxd8 11. e4 {[%emt 0:00:44][%cal Be3e4,Be4e5][%mdl 32] was the old line (11.Bd2).} h6 12. e5 {[%emt 0:04:07] The position is equal.} Nd7 13. Re1 {[%emt 0:01:35] [#]} (13. Rd1 {is interesting.} Ke7 14. Ne4 Bb4 15. Bf4) 13... Ke7 $146 ({Predecessor:} 13... g5 14. h3 Nd4 15. Rd1 Nxf3+ 16. gxf3 Ke7 17. f4 Rg8 18. Kf1 b6 19. Ne4 Bb7 {0-1 (27) Turovets,S (1946)-Fitiak,S (2207) Tomsk 2012}) 14. Bf4 Nb6 (14... Rd8 {keeps more tension.} 15. Ne4 Bb4 16. Rec1 Nb6) 15. Bf1 Rd8 16. Rec1 Na5 17. Ne4 Bb4 18. Bd2 (18. Rab1 {feels hotter.} Bd7 19. b3 Bc6 20. Bd2) 18... Bxd2 19. Nexd2 Nd5 20. Rab1 Nc6 {[%emt 0:03:19] Prevents b4.} 21. Ne4 Bd7 22. Nc5 Rab8 23. Nxd7 Kxd7 24. Bd3 g5 25. h3 Nf4 {[%emt 0:00:28] Pair of Knights!} 26. Bf1 Nd5 27. Bd3 Rbc8 28. Be4 Ke7 29. g3 Ndb4 30. Rc4 Rd7 31. Bxc6 Nxc6 32. b4 Na7 {[%emt 0:01:33] Inhibits b5.} 33. Rbc1 {[%emt 0:00:38] [#]} (33. Rxc8 $11 {remains equal.} Nxc8 34. Kg2) 33... Kd8 ({Black should play} 33... Rd1+ $1 $17 34. Rxd1 Rxc4) 34. Kg2 $11 Rd5 35. Rxc8+ $1 Nxc8 {[%emt 0:00:01][%cal Ba7c8,Bc8e7,Be7c6][%mdl 4128] Endgame KRN-KRN} 36. Rc3 Ne7 37. Rc4 Nc6 38. Re4 Ke7 39. Rc4 Kd7 40. Re4 b5 41. axb5 {[%emt 0:00:13] White does not recover from this.} (41. a5 $17) 41... Rxb5 $19 42. h4 (42. Nh2 $142) 42... Rxb4 43. Rxb4 (43. Re2 $142 g4 44. Ne1) 43... Nxb4 44. hxg5 hxg5 {[%emt 0:00:02] Strongly threatening ...a5.} 45. Nxg5 {[%emt 0:00:01] KN-KN} (45. Kf1 $142 a5 46. Ke2 (46. Nxg5 $2 {is the wrong capture.} a4 $19)) 45... a5 {[%emt 0:00:29] Hoping for ...a4.} 46. Ne4 Kc6 {[%emt 0:00:44] White must now prevent ...a4.} 47. Kf3 a4 {[%emt 0:00:19] Threatens to win with ...a3.} 48. Nc3 {[%emt 0:00:16] [#]} (48. Nd2 $19 Kd5 49. Nb1 Kxe5 50. Ke2) 48... a3 {[%emt 0:00:02] Black mates.} 49. Ke4 a2 50. Nxa2 Nxa2 {[%emt 0:00:01] KN-K3P} 51. f4 Nc3+ 52. Kd3 Nd5 53. Kd4 Ne7 54. g4 Kb5 55. Ke4 Kc5 56. f5 Kc4 57. Ke3 Kd5 58. Kf4 {[%emt 0:00:02] Weighted Error Value: White=0.29 (precise) /Black=0.05 (flawless)} 0-1